 Dungeon Crawl Stone Soup version 0.27-a0-1359-ga2a4dfd6fd (webtiles) character file.

Game seed: 3157027143878763743

989 Lauz the Slasher (level 7, -2/61 HPs)
             Began as a Minotaur Fighter on June 28, 2021.
             Was a Follower of Okawaru.
             Slain by a gnoll (6 damage)
             ... on level 6 of the Dungeon.
             The game lasted 00:15:19 (6021 turns).

Lauz the Slasher (Minotaur Fighter)                 Turns: 6021, Time: 00:15:19

Health: -2/61      AC: 11    Str: 22    XL:     7   Next: 98%
Magic:  6/6        EV:  6    Int:  5    God:    Okawaru [*.....]
Gold:   295        SH: 10    Dex: 10    Spells: 6/6 levels left

rFire    . . .     SeeInvis .   a - +0 long sword
rCold    . . .     Faith    .   c - +0 kite shield
rNeg     . . .     Spirit   .   i - +0 chain mail
rPois    .         Reflect  .   (helmet restricted)
rElec    .         Harm     .   q - +0 cloak
rCorr    .         Rampage  .   (no gloves)
Will     .....                  (no boots)
Stlth    ..........             (no amulet)
HPRegen  0.20/turn              (no ring)
MPRegen  0.10/turn              (no ring)

@: mighty
A: horns 2, retaliatory headbutt
a: Renounce Religion, Heroism


You were on level 6 of the Dungeon.
You worshipped Okawaru.
Okawaru was aware of your devotion.
You visited 2 branches of the dungeon, and saw 7 of its levels.
You also visited: Sewer.

You collected 295 gold pieces.

Inventory:

Hand Weapons
 a - a +0 long sword (weapon)
Armour
 b - a +0 scale mail
 c - a +0 kite shield (worn)
 i - a +0 chain mail (worn)
 p - a scarf of harm
 q - a +0 cloak (worn)
 u - a +0 hat
Jewellery
 g - an amulet of faith
 r - an amulet of the acrobat
Wands
 h - a wand of charming (9)
 v - a wand of iceblast (3)
 A - a wand of polymorph (13)
Scrolls
 e - 3 scrolls of brand weapon {unknown}
 k - a scroll of magic mapping {unknown}
 l - a scroll of identify {unknown}
 o - 2 scrolls of teleportation {unknown}
 s - a scroll of blinking {unknown}
 t - a scroll of enchant weapon {unknown}
 y - a scroll of summoning {unknown}
Potions
 f - a potion of lignification {unknown}
 j - 4 potions of degeneration {unknown}
 m - a potion of cancellation {unknown}
 n - a potion of magic {unknown}
 w - a potion of heal wounds {unknown}
 x - 3 potions of flight {unknown}
 z - a potion of curing {unknown}
 B - a potion of invisibility {unknown}


   Skills:
 + Level 5.3 Fighting
 + Level 6.9 Long Blades
 + Level 6.6 Armour
 - Level 1.6 Dodging
 + Level 6.2 Shields


You had 6 spell levels left.
You didn't know any spells.
Your spell library contained the following spells:

 Spells                   Type           Power      Damage    Failure   Level
 Foxfire                  Conj/Fire      0%         2x1d4     100%        1
 Conjure Flame            Conj/Fire      0%         6-21      100%        3
 Inner Flame              Hex/Fire       0%         N/A       100%        3
 Sticky Flame             Conj/Fire      0%         2d3       100%        4
 Fireball                 Conj/Fire      0%         3d3       100%        5


Dungeon Overview and Level Annotations

Branches:
Dungeon (6/15)             Temple (1/1) D:4           Sewer (visited)

Altars:
Ashenzari
Cheibriados
Dithmenos
Elyvilon
Fedhas
Gozag
Nemelex Xobeh
Okawaru
Qazlal
Sif Muna
Trog
Uskayaw
Zin
The Shining One
Lugonu

Shops:
D:2 (   D:5 :[(*


Innate Abilities, Weirdness & Mutations

You have a pair of horns on your head.
You reflexively headbutt those who attack you in melee.


Message History

You slash the gnoll sergeant!
The gnoll sergeant is severely wounded.
The gnoll sergeant hits you with a +0 trident.
You hit the gnoll sergeant but do no damage.
The gnoll sergeant is severely wounded.
You block the gnoll sergeant's attack.
You hit the gnoll sergeant.
Your headbutt misses the gnoll sergeant.
The gnoll sergeant is severely wounded.
You block the gnoll sergeant's attack.
A gnoll comes into view. It is wielding a +0 spear.
The gnoll sergeant hits you with a +0 trident!
You barely miss the gnoll sergeant.
The gnoll shouts!
Your headbutt misses the gnoll sergeant.
The gnoll sergeant is severely wounded.
A gnoll comes into view. It is wielding a +0 halberd.
You block the gnoll sergeant's attack.
You barely miss the gnoll sergeant.
The gnoll sergeant is severely wounded.
The gnoll shouts!
The gnoll sergeant hits you with a +0 trident!
* * * LOW HITPOINT WARNING * * *
You barely miss the gnoll sergeant.
The gnoll sergeant is severely wounded.
The gnoll sergeant hits you but does no damage.
You feel very mighty all of a sudden.
The gnoll sergeant hits you with a +0 trident!
* * * LOW HITPOINT WARNING * * *
You slash the gnoll sergeant!
You kill the gnoll sergeant!
Okawaru accepts your kill. The gnoll barely misses you.
The gnoll hits you from afar with a +0 halberd.
* * * LOW HITPOINT WARNING * * *
The gnoll hits you from afar with a +0 spear.
* * * LOW HITPOINT WARNING * * *
There is a stone staircase leading up here.
The gnoll hits you from afar with a +0 halberd.
You die...

.#...............##..######
..................###..#####
.................##
##.....## ..##........######
#####...
..#.............#### ####
#..........##....###### #
#.......gg.#####......#####
#.......)..# ######......
#.........@# #######
##.<......## # ##.[....##
########


You could see 2 gnolls.

Vanquished Creatures
  A sky beast (D:5)
  2 phantoms (D:4)
  A kobold brigand (Sewer)
  A gnoll sergeant (D:6)
  2 water moccasin zombies
  2 centaur zombies (D:6)
  2 hounds
  2 orc priests
  A centaur skeleton (D:6)
  An iguana (D:6)
  An orc wizard (D:4)
  A hound skeleton (D:4)
  A howler monkey zombie (D:5)
  2 river rats
  9 adders
  An ufetubus (D:5)
  A worm (D:2)
  2 dart slugs
  18 orcs
  7 bats
  8 endoplasms
  2 giant cockroaches
  6 hobgoblins
  10 jackals
  4 kobolds
  2 quokkas
  7 ball pythons
  2 frilled lizards
  4 goblins
  11 rats
114 creatures vanquished.

Vanquished Creatures (others)
  41 plants
41 creatures vanquished.

Grand Total: 155 creatures vanquished

Notes
Turn   | Place    | Note
-------+----------+-------------------------------------------
     0 | D:1      | Lauz the Minotaur Fighter began the quest for the Orb.
     0 | D:1      | Reached XP level 1. HP: 19/19 MP: 0/0
   222 | D:1      | Reached XP level 2. HP: 25/27 MP: 1/1
   691 | D:1      | Found a faded altar of an unknown god.
   890 | D:1      | Reached XP level 3. HP: 30/33 MP: 2/2
  1254 | D:2      | Found Ytanisoi's Weapon Boutique.
  1687 | D:3      | Reached XP level 4. HP: 38/40 MP: 3/3
  2134 | D:3      | Reached skill level 1 in Dodging
  2295 | D:3      | Found a broken altar of Ashenzari.
  2296 | D:3      | Found a bloodstained altar of Trog.
  2324 | D:3      | Found a stormy altar of Qazlal.
  2814 | D:4      | Reached XP level 5. HP: 43/46 MP: 4/4
  2976 | D:4      | Noticed a phantom
  2978 | D:4      | Reached skill level 5 in Armour
  2991 | D:4      | Killed a phantom
  3011 | D:4      | Found a shimmering blue altar of Sif Muna.
  3177 | D:4      | Noticed a phantom
  3197 | D:4      | Killed a phantom
  3198 | D:4      | Reached skill level 5 in Shields
  3198 | D:4      | Reached XP level 6. HP: 47/53 MP: 5/5
  3268 | D:4      | Found a snail-covered altar of Cheibriados.
  3461 | D:4      | Reached skill level 5 in Long Blades
  3524 | D:4      | Found an iron altar of Okawaru.
  3530 | D:4      | Became a worshipper of Warmaster Okawaru
  3817 | D:4      | Found a staircase to the Ecumenical Temple.
  3826 | Temple   | Entered the Ecumenical Temple
  4282 | D:5      | Entered Level 5 of the Dungeon
  4287 | D:5      | Noticed a sky beast
  4311 | D:5      | Killed a sky beast
  4312 | D:5      | Reached skill level 5 in Fighting
  4393 | D:5      | Found Ejoofasa's Assorted Antiques.
  4422 | D:5      | Found a shadowy altar of Dithmenos.
  4444 | D:5      | Reached XP level 7. HP: 34/61 MP: 6/6
  4453 | D:5      | Found Lanigur's Antique Armour Emporium.
  4455 | D:5      | Found Qism's Antique Weapon Shoppe.
  4635 | D:5      | Found a glowing drain.
  4651 | Sewer    | Entered a sewer
  4887 | Sewer    | Found a glowing silver altar of Zin.
  5086 | D:5      | Found Wuuf's Book Emporium.
  5838 | D:6      | Reached * piety under Okawaru
  6021 | D:6      | Slain by a gnoll

Illustrated notes

Levels and vault maps discovered:
D:1:      roderic_crop_circles_arrival_small, layout_basic,
          ebering_ecumenical_altar_rust, minmay_bisected
D:2:      layout_basic, serial_shops, nicolae_shop_stone
D:3:      layout_loops_ring, grunt_qazlal_sundering,
          chequers_temple_overflow_statue_of_worship, serial_bayou_lagoon_a,
          grunt_ministairs_1, chequers_avenue, kennysheep_cluttered_room
D:4:      layout_layer_cave, lemuel_tele_altar, okawaru_metal_pillars_1_2,
          kennysheep_mini, lemuel_temple_firewalk_a
D:5:      layout_basic, lemuel_round_altar, cheibrodos_sewer_entry_sluice,
          serial_shops, nicolae_shop_window_shopping, nicolae_shop_behind_doors,
          shop_coins, nicolae_shop_overgrown_old_shop,
          chequers_serial_rivers_large_a, corexii_corridor_pit,
          grunt_ministairs_5
D:6:      layout_rooms, general_overflow_altar, uniq_edmund
Temple:   corrupted_temple

Skill      XL: |  1  2  3  4  5  6  7 |
---------------+----------------------+-----
Armour         | 4 5 6 |  6.6
Shields        | 4 5 6 |  6.2
Fighting       | 4 5 |  5.3
Long Blades    | 3 4 5 6 |  6.9
Dodging        | 1 |  1.6

Action                   |  1- 3 |  4- 6 |  7- 9 || total
-------------------------+-------+-------+-------++-------
Melee: Long sword        |    89 |   112 |   131 ||   332
       Headbutt          |     7 |    16 |    19 ||    42
  Use: Potion            |       |       |     1 ||     1
Armor: Scale mail        |    52 |    34 |       ||    86
       Chain mail        |       |    24 |    62 ||    86
Dodge: Dodged            |    31 |    35 |    37 ||   103
Block: Kite shield       |    56 |    60 |    77 ||   193
       Rpst.: Long sword |     5 |    12 |     8 ||    25

Table legend: (Time is in decaauts)
 A = Elapsed time spent in this place.
 B = Non-inter-level travel time spent in this place.
 C = Inter-level travel time spent in this place.
 D = Time resting spent in this place.
 E = Time spent auto-exploring this place.
 F = Levels seen in this place.
 G = Mean time per level.
                   A        B        C        D        E       F      G
               +--------+--------+--------+--------+--------+-----+--------+
         Total |   6206 |   5962 |    244 |    524 |   4191 |   8 |  775.8 |
       Dungeon |   5823 |   5596 |    227 |    411 |   4060 |   6 |  970.5 |
        Temple |     52 |     35 |     17 |      0 |     35 |   1 |   52.0 |
         Sewer |    329 |    329 |      0 |    113 |     96 |   1 |  329.0 |
               +--------+--------+--------+--------+--------+-----+--------+

Top non-repeatable levels by time:
     D:4: 1431 daAuts
     D:5: 1153 daAuts
     D:1: 1148 daAuts
     D:3: 1090 daAuts
     D:2: 698 daAuts
   Sewer: 329 daAuts
     D:6: 300 daAuts
  Temple: 52 daAuts
